 Dungeon Crawl Stone Soup version 0.28.0 (webtiles) character file.

Game seed: 1457797342390090983

108 Dorkslayer the Skirmisher (level 4, -17/50 HPs)
             Began as an Ogre Fighter on June 4, 2022.
             Demolished by an ogre (20 damage)
             ... on level 3 of the Dungeon.
             The game lasted 00:03:33 (2375 turns).

Dorkslayer the Skirmisher (Ogre Fighter)            Turns: 2375, Time: 00:03:34

Health: -17/50     AC:  4    Str: 19 (20) XL:     4   Next: 87%
Magic:  4/4        EV:  9    Int:  7 (9)  God:
Gold:   72         SH:  7    Dex:  9 (10) Spells: 3/3 levels left

rFire   . . .      SeeInvis .   a - +0 war axe
rCold   . . .      Faith    .   c - +0 kite shield
rNeg    . . .      Spirit   .   b - +0 robe
rPois   .          Reflect  .   (helmet restricted)
rElec   .          Harm     .   d - +0 cloak
rCorr   +          Rampage  .   (gloves unavailable)
Will    +....                   (boots unavailable)
Stlth   +.........              (no amulet)
HPRegen 0.16/turn               g - ring of resist corrosion
MPRegen 0.09/turn               h - ring of willpower

@: no status effects
A: large, unfitting armour, tough skin 1
a: no special abilities


You were on level 3 of the Dungeon.
You visited 1 branch of the dungeon, and saw 3 of its levels.

You collected 72 gold pieces.

Inventory:

Hand Weapons
 a - a +0 war axe (weapon)
Armour
 b - a +0 robe (worn)
 c - a +0 kite shield (worn)
 d - a +0 cloak (worn)
Jewellery
 g - a ring of resist corrosion (left hand)
 h - a ring of willpower (right hand)
Scrolls
 e - a scroll of fog {unknown}
 f - a scroll of teleportation {unknown}
 i - a scroll of fear {unknown}
 k - 2 scrolls of enchant weapon {unknown}
Potions
 j - a potion of flight {unknown}


   Skills:
 * Level 5.0 Fighting
 + Level 2.6 Axes
 * Level 3.4 Dodging
 + Level 0.2 Stealth
 * Level 3.4 Shields


You had 3 spell levels left.
You didn't know any spells.
Your spell library was empty.

Dungeon Overview and Level Annotations

Branches:
Dungeon (3/15)

Altars:


Innate Abilities, Weirdness & Mutations

You are too large for most types of armour.
You have tough skin. (AC +1)


Message History

Done exploring.
There is a stone staircase leading down here.
You climb downwards.
There is a stone staircase leading up here.
You open the door.
An endoplasm comes into view.
Found a whip and 15 gold pieces.
Found 18 gold pieces.
Found an escape hatch in the ceiling.
There is an open door here.
The helpless endoplasm fails to defend itself.
You slash the endoplasm!
You kill the endoplasm!
You now have 57 gold pieces (gained 18).
You open the door.
There is an open door here.
An orc comes into view. It is wielding a +0 dagger.
You see here 15 gold pieces.
You now have 72 gold pieces (gained 15).
The orc closely misses you.
You slash the orc!
You kill the orc!
Things that are here:
a +0 dagger; a +0 chain mail; an orc corpse
Found a leather armour.
An ogre comes into view. It is wielding a +0 giant club.
You hit the ogre.
The ogre is lightly wounded.
The ogre hits you with a +0 giant club!!
Ouch! That really hurt!
You hit the ogre.
The ogre is lightly wounded.
The ogre hits you with a +0 giant club!
* * * LOW HITPOINT WARNING * * *
You barely miss the ogre.
The ogre is lightly wounded.
The ogre barely misses you.
You completely miss the ogre.
The ogre is lightly wounded.
The ogre hits you with a +0 giant club!!
You die...

#..................
...#######..)........
... #...........
...########..........
.....................
........^............
.............######..
.............# .
##....@.....#
+...O......#
#..........#
#........#####
#....[....
...........
##.........
#..........


You could see an ogre.

Vanquished Creatures
  Crazy Yiuf (D:2)
  4 adders (D:2)
  3 worms (D:2)
  A dart slug (D:1)
  An orc (D:3)
  3 ball pythons
  3 endoplasms
  A giant cockroach (D:1)
  4 goblins
  2 hobgoblins
  2 quokkas (D:1)
  5 bats
  2 frilled lizards
  2 kobolds (D:1)
34 creatures vanquished.

Notes
Turn   | Place    | Note
-------+----------+-------------------------------------------
     0 | D:1      | Dorkslayer the Ogre Fighter began the quest for the Orb.
     0 | D:1      | Reached XP level 1. HP: 24/24 MP: 1/1
   145 | D:1      | Reached XP level 2. HP: 25/32 MP: 2/2
   910 | D:2      | Identified the +0 pair of boots "Pocw" {rElec Int+2}
   958 | D:2      | Reached XP level 3. HP: 40/40 MP: 3/3
  1092 | D:2      | Found a runed translucent door.
  1093 | D:2      | Noticed Crazy Yiuf
  1099 | D:2      | HP: 2/40 [Crazy Yiuf (3)]
  1100 | D:2      | Killed Crazy Yiuf
  1425 | D:2      | Reached XP level 4. HP: 30/49 MP: 4/4
  2232 | D:2      | Reached skill level 5 in Fighting
  2369 | D:3      | Noticed an ogre
  2375 | D:3      | Demolished by an ogre

Illustrated notes

Levels and vault maps discovered:
D:1:      erik_arrival_triangle_medium, layout_loops_ring
D:2:      layout_basic, nrook_mini_vaults, uniq_crazy_yiuf_cottage
D:3:      layout_basic, general_overflow_altar, okawaru_metal_pillars_1_2

Skill      XL: |  1  2  3  4 |
---------------+-------------+-----
Dodging        | 3 |  3.4
Shields        | 3 |  3.4
Fighting       | 5 |  5.0
Axes           | |  2.6
Stealth        | |  0.2

Action                   |  1- 3 |  4- 6 || total
-------------------------+-------+-------++-------
Melee: War axe           |    66 |    38 ||   104
  Use: Potion            |     1 |     2 ||     3
 Stab: Sleeping          |     1 |     1 ||     2
Armor: Robe              |    22 |     9 ||    31
Dodge: Dodged            |    29 |    18 ||    47
Block: Kite shield       |    31 |    12 ||    43
